 Dungeon Crawl Stone Soup version 0.30-a0-777-ga9a30cbeda (webtiles) character file.

Game seed: 2842870557584287158

45 sircluck the Sneak (level 3, 0/18 HPs)
             Began as a Spriggan Brigand on Feb 13, 2023.
             Slain by Crazy Yiuf
             ... wielding a +4 quarterstaff of chaos
              (13 damage)
             ... on level 2 of the Dungeon.
             The game lasted 00:01:56 (1559 turns).

sircluck the Sneak (Spriggan Brigand)               Turns: 1559, Time: 00:01:56

Health: 0/18       AC:  3    Str:  7    XL:     3   Next: 42%
Magic:  4/4        EV: 17    Int: 12    God:
Gold:   161        SH:  0    Dex: 18    Spells: 2/2 levels left

rFire   . . .      SeeInvis +    a - +2 dagger
rCold   . . .      Faith    .    (no shield)
rNeg    . . .      Spirit   .    b - +0 robe
rPois   .          Reflect  .    (helmet restricted)
rElec   .          Harm     .    c - +0 cloak
rCorr   .          Rampage  .    (gloves unavailable)
Will    .....                    (boots unavailable)
Stlth   ++++                     (no amulet)
HPRegen 0.23/turn                (no ring)
MPRegen 0.09/turn                (no ring)

@: hasted, very quick
A: very small, no large weapons, unfitting armour, see invisible, speed 3
a: no special abilities


You were on level 2 of the Dungeon.
You visited 1 branch of the dungeon, and saw 2 of its levels.

You collected 161 gold pieces.

Inventory:

Hand Weapons
 a - a +2 dagger (weapon)
 i - the +7 spear of Nacsu {chaos, rF+}
   (You found it on level 2 of the Dungeon)

   rF:        It protects you from fire.
Missiles
 d - 9 poisoned darts (quivered)
 e - 3 curare-tipped darts
Armour
 b - a +0 robe (worn)
 c - a +0 cloak (worn)
Jewellery
 j - a ring of fire
 t - a ring of ice
Wands
 g - a wand of digging (5)
Scrolls
 m - 3 scrolls of teleportation {unknown}
 n - a scroll of identify {unknown}
 p - a scroll of silence {unknown}
 r - 3 scrolls of fear {unknown}
 s - a scroll of vulnerability {unknown}
Potions
 f - a potion of degeneration {unknown}
 h - a potion of berserk rage {unknown}
 k - a potion of curing {unknown}
 l - 2 potions of magic {unknown}
 o - a potion of might {unknown}
 q - a potion of brilliance {unknown}


   Skills:
 + Level 1.8 Fighting
 + Level 2.4 Short Blades
 + Level 2.0 Throwing
 + Level 1.7 Dodging
 + Level 7.4 Stealth


You had 2 spell levels left.
You didn't know any spells.
Your spell library contained the following spells:

 Spells                   Type           Power      Damage    Failure   Level
 Lesser Beckoning         Tloc           0%         N/A       45%         2
 Gell's Gravitas          Tloc           0%         N/A       69%         3
 Teleport Other           Tloc           0%         N/A       69%         3
 Anguish                  Hex/Necr       0%         N/A       97%         4
 Enfeeble                 Hex            0%         N/A       100%        7


Dungeon Overview and Level Annotations

Branches:
Dungeon (2/15)

Altars:

Annotations:
D:2 Crazy Yiuf


Innate Abilities, Weirdness & Mutations

You are very small and have problems with some larger weapons.
You are too small for most types of armour.
You have supernaturally acute eyesight. (SInv)
You cover ground extremely quickly. (Speed+++)


Message History

The dart slug is severely wounded.
The dart slug launches a dart at you. The slug dart hits you.
You hit the dart slug.
You kill the dart slug!
No target in view!
No target in view!
No target in view!
No target in view!
No target in view!
No target in view!
No target in view!
No target in view!
You see here a dart slug corpse.
l - 2 brown potions (gained 1)
You see here a dart slug corpse.
t - a ring of ice You open the door.
There is an open door here.
There is a stone staircase leading down here.
You see here a jackal skeleton.
Could not explore, unopened runed door.
Could not explore, unopened runed door.
No reachable target in view!
You open the door.
Crazy Yiuf shouts!
Crazy Yiuf screams, "Citrus!
Mountain shoe action."
Crazy Yiuf grits, "Key dark pizzabubble!"
Crazy Yiuf misses you.
There is an open translucent door here.
You barely miss Crazy Yiuf.
Crazy Yiuf hits you with a +4 quarterstaff of chaos.
You feel yourself speed up.
You hit Crazy Yiuf.
Crazy Yiuf is lightly wounded.
You hit Crazy Yiuf but do no damage.
Crazy Yiuf is lightly wounded.
Crazy Yiuf hits you with a +4 quarterstaff of chaos!
Ouch! That really hurt!
You die...

###### #...#
#####.#
.....##########...#
#.#
...#..............#
#.#
#.#################
#.# ..# #### #.#
### ###..# #.##
######...## ####
♣♣##..# #......###
#)..#♣♣ ♣♣.#...#
..######
#..g@.♣♣♣♣P.....#
#...#
#...#♣..♣.P....##
###.## ####
♣♣♣.♣..#.## # #..#
♣♣♣♣♣### # ##.##
### # #..###.# ##
##.....#
.######...###
.....)..#...####


You could see Crazy Yiuf.

Vanquished Creatures
  4 dart slugs
  3 ball pythons (D:2)
  5 bats
  4 endoplasms
  3 goblins
  4 hobgoblins
  5 jackals (D:2)
  2 kobolds (D:2)
  3 rats (D:1)
33 creatures vanquished.

Vanquished Creatures (others)
  33 plants (D:1)
33 creatures vanquished.

Grand Total: 66 creatures vanquished

Notes
Turn   | Place    | Note
-------+----------+-------------------------------------------
     0 | D:1      | sircluck the Spriggan Brigand began the quest for the Orb.
     0 | D:1      | Reached XP level 1. HP: 10/10 MP: 2/2
     2 | D:1      | You fall into a shaft and drop 1 floor!
    38 | D:2      | Reached skill level 6 in Stealth
    88 | D:2      | Reached XP level 2. HP: 15/15 MP: 3/3
   211 | D:2      | Identified the +7 spear of Nacsu {chaos, rF+}
   381 | D:1      | Reached skill level 7 in Stealth
   522 | D:1      | Reached XP level 3. HP: 18/18 MP: 4/4
  1280 | D:2      | Found a runed translucent door.
  1281 | D:2      | Noticed Crazy Yiuf
  1559 | D:2      | Slain by Crazy Yiuf

Illustrated notes

Levels and vault maps discovered:
D:1:      roderic_crop_circles_arrival_small, layout_loops_cross,
          minmay_pentomino_u2
D:2:      layout_rooms, minmay_box_of_dots, uniq_crazy_yiuf_cottage

Skill      XL: |  1  2 |
---------------+-------+-----
Stealth        | 6 7 |  7.4
Fighting       | |  1.8
Short Blades   | |  2.4
Throwing       | |  2.0
Dodging        | |  1.7

Action                     || total
---------------------------++-------
  Melee: Dagger            ||   240
   Stab: Sleeping          ||    13
 Armour: Robe              ||    19
  Dodge: Dodged            ||    88

Table legend: (Time is in decaauts)
 A = Elapsed time spent in this place.
 B = Non-inter-level travel time spent in this place.
 C = Inter-level travel time spent in this place.
 D = Time resting spent in this place.
 E = Time spent auto-exploring this place.
 F = Levels seen in this place.
 G = Mean time per level.
                   A        B        C        D        E       F      G
               +--------+--------+--------+--------+--------+-----+--------+
         Total |   1051 |    972 |     79 |      0 |    610 |   2 |  525.5 |
       Dungeon |   1051 |    972 |     79 |      0 |    610 |   2 |  525.5 |
               +--------+--------+--------+--------+--------+-----+--------+

Top non-repeatable levels by time:
     D:1: 598 daAuts
     D:2: 452 daAuts
